 Dungeon Crawl Stone Soup version 0.18-a0-1060-g4fac74f (webtiles) character file.

460 namelastname112 the Sneak (level 6, -3/50 HPs)
             Began as a Draconian Wizard on Jan 12, 2016.
             Slain by a mummy (14 damage)
             ... in an ossuary.
             The game lasted 00:10:48 (5069 turns).

namelastname112 the Sneak (Draconian Wizard)        Turns: 5069, Time: 00:10:48

Health: -3/50      AC:  7    Str:  9      XL:     6   Next: 78%
Magic:  10/10      EV: 14    Int: 14 (18) God:
Gold:   138        SH:  4    Dex: 17      Spells: 1 memorised, 10 levels left

rFire  + . .     SeeInvis .     w - +1 short sword (venom)
rCold  + . .     Gourm    .     (armour unavailable)
rNeg   . . .     Faith    .     (no shield)
rPois  +         Spirit   .     a - +1 hat
rElec  +         Dismiss  .     (no cloak)
rCorr  +         Reflect  +     (no gloves)
SustAt .         Harm     .     (no boots)
MR     .....     Rnd*Rage +     v - +4 amulet of reflection
Stlth  +++.......               (no ring)
                                l - +5 ring of dexterity

@: resistant, marked, not resistant to hostile enchantments, fairly stealthy
A: unfitting armour, antennae 1, berserk 1, wild magic 1, cold-blooded, AC +6
a: no special abilities


You were in an ossuary.
You were hungry.

You visited 1 branch of the dungeon, and saw 4 of its levels.
You also visited: Ossuary.

You collected 138 gold pieces.

Inventory:

Hand Weapons
 w - a +1 short sword of venom (weapon)
Armour
 a - a +1 hat (worn)
Magical Staves
 d - an uncursed staff of death {unknown}
Jewellery
 l - a +5 ring of dexterity (left hand)
 v - a +4 amulet of reflection (around neck)
Scrolls
 e - a scroll of identify
 f - 2 scrolls of remove curse
 k - a scroll of immolation {unknown}
 n - 3 scrolls of recharging {unknown}
 r - 2 scrolls of teleportation {unknown}
 t - a scroll of noise {unknown}
 u - a scroll of enchant armour
Potions
 g - a potion of curing
Books
 b - a book of Minor Magic

   Spells                             Type                      Level
   a - Magic Dart                     Conjuration                  1
   b - Blink                          Translocation                2
   c - Call Imp                       Summoning                    2
   d - Repel Missiles                 Charms/Air                   2
   e - Slow                           Hexes                        2
   f - Conjure Flame                  Conjuration/Fire             3
   g - Mephitic Cloud                 Conjuration/Poison/Air       3
Comestibles
 c - 4 bread rations
 o - a royal jelly
 q - 2 meat rations
 s - 3 fruits


   Skills:
 + Level 2.9 Fighting
 * Level 3.5 Short Blades
 + Level 3.3 Dodging
 * Level 4.3 Stealth
 - Level 3.0 Spellcasting
 - Level 1.0 Conjurations
   Level 1.0 Summonings
   Level 1.0 Translocations


You had 10 spell levels left.
You knew the following spells:

 Your Spells              Type           Power        Failure   Level  Hunger
z - Magic Dart            Conj           #...         30%         1    #......


Dungeon Overview and Level Annotations

Branches:
Dungeon (4/15)
 Temple: D:4-7

Altars:
Nemelex Xobeh
Yredelemnul


Innate Abilities, Weirdness & Mutations

Your plain brown scales are hard (AC +6).
Your body does not fit into most forms of armour.
You are cold-blooded and may be slowed by cold attacks.
You have a pair of small antennae on your head.
You tend to lose your temper in combat.
Your spells are a little harder to cast, but a little more powerful.


Message History

g - a potion of curing You see here a scroll of enchant armour.
You hear a blaring wail to the north.
You see here a scroll of remove curse.
You hit the mummy.
You tail-slap the mummy, but do no damage.
The mummy is moderately damaged.
You hit the mummy but do no damage.
The mummy is moderately damaged.
You feel a little less agile now. The mummy hits you but does no damage.
You hit the mummy.
You tail-slap the mummy, but do no damage.
The mummy is heavily damaged.
You hit the mummy.
The mummy is severely damaged.
The mummy hits you.
* * * LOW HITPOINT WARNING * * *
The mummy hits you!
You die...

##.......M....M.##
#M##........##'#
##..##......##..##
##.M..##....##.MM.##
##......#....#M.Z...##
#$?.....#....#M..M.?$#
#$?.ZM..#....#.....?$#
#$$?M...#....#....!$$#
##$!M@..#....#...§?$##
#$$...##....##.§.§§#
##$?..##....##..§§##
#$..###.∩∩.###.§§#
##### ###### #####


You could see 5 mummies and a hobgoblin zombie.

Vanquished Creatures
  Grinder (D:4)
  Natasha (D:4)
  3 mummies (Ossuary)
  4 gnolls
  5 adders
  An ooze (D:3)
  A worm (D:2)
  3 giant geckos
  11 orcs (D:3)
  A ball python (D:2)
  A giant cockroach (D:2)
  11 goblins
  12 hobgoblins
  7 jackals
  11 bats
  7 giant newts
  2 gnoll zombies (Ossuary)
  A hobgoblin zombie (Ossuary)
  8 kobolds
  A kobold zombie (Ossuary)
  3 orc zombies (Ossuary)
  11 rats
106 creatures vanquished.

Notes
Turn   | Place    | Note
--------------------------------------------------------------
     0 | D:1      | namelastname112 the Draconian Wizard began the quest for the Orb.
     0 | D:1      | Reached XP level 1. HP: 14/14 MP: 4/4
   200 | D:1      | Reached XP level 2. HP: 13/22 MP: 1/6
  1369 | D:1      | Reached XP level 3. HP: 27/27 MP: 4/7
  1730 | D:2      | Found a basalt altar of Yredelemnul.
  1822 | D:2      | Reached skill level 1 in Short Blades
  1944 | D:2      | Reached skill level 1 in Fighting
  2197 | D:2      | Reached XP level 4. HP: 30/35 MP: 4/8
  2801 | D:2      | Found a sparkling altar of Nemelex Xobeh.
  3323 | D:3      | Reached XP level 5. HP: 29/41 MP: 3/9
  4306 | D:4      | Noticed Grinder
  4311 | D:4      | Paralysed by Grinder for 4 turns
  4317 | D:4      | Paralysed by Grinder for 4 turns
  4331 | D:4      | Killed Grinder
  4331 | D:4      | Reached skill level 4 in Stealth
  4331 | D:4      | Reached XP level 6. HP: 16/50 MP: 10/10
  4551 | D:4      | Noticed Natasha
  4563 | D:4      | Killed Natasha
  4592 | D:4      | Found a sand-covered staircase.
  4597 | Ossuary  | Entered an ossuary
  5051 | Ossuary  | Gained mutation: You tend to lose your temper in combat. [potion of mutation]
  5051 | Ossuary  | Gained mutation: You have a pair of small antennae on your head. [potion of mutation]
  5051 | Ossuary  | Gained mutation: Your spells are a little harder to cast, but a little more powerful. [potion of mutation]
  5069 | Ossuary  | Slain by a mummy

Vault maps used:
D:1:      mainiacjoe_arrival_reflecting_pool, lemuel_flame_loot_1
D:2:      overflow_temple_1_default, overflow_temple_1_default
D:3:      first_bread
D:4:      minmay_temple_entry_hall, lightli_ossuary_entry_decrepit_ruins,
          uniq_natasha, uniq_blork_the_orc, uniq_grinder
Ossuary:  ossuary_tomb_3

Action                   |  1- 3 |  4- 6 || total
-------------------------+-------+-------++-------
Melee: Unarmed           |    34 |     5 ||    39
       Dagger            |   129 |   138 ||   267
       Short sword       |       |   116 ||   116
Throw: Throwing net      |       |     1 ||     1
 Cast: Magic Dart        |    56 |    63 ||   119
  Use: Potion            |       |     8 ||     8
       Scroll            |       |     3 ||     3
 Stab: Sleeping          |     1 |     2 ||     3
  Eat: Chunk             |     4 |     6 ||    10
       Pizza             |       |     1 ||     1
       Beef jerky        |       |     1 ||     1
